 Seeded DCSS version 0.29.1-15-g9cfb28693d (webtiles) character file.

Game seed: 1019281591211795276 (custom seed)

5608 drewk1942 the Chopper (level 10, -15/79 HPs)
             Began as a Gnoll Wanderer on Apr 24, 2023.
             Was a Believer of Wu Jian.
             Killed from afar by a rime drake (28 damage)
             ... with a flash freeze
             ... on level 11 of the Dungeon.
             The game lasted 00:12:34 (8838 turns).

drewk1942 the Chopper (Gnoll Wanderer)              Turns: 8838, Time: 00:12:34

Health: -15/79     AC: 24    Str: 25    XL:     10   Next: 73%
Magic:  18/18      EV: 10    Int: 13    God:    Wu Jian [**....]
Gold:   1860       SH:  5    Dex: 11    Spells: 20/20 levels left

rFire   + . .      SeeInvis .   d - +1 mace (spect)
rCold   . . .      Faith    .   m - +0 buckler "Ucupifef" {Str+6}
rNeg    . . .      Spirit   .   h - +4 shadow dragon scales of Protective Custody {rF+ Will+ Dex-2 Stlth++++}
rPois   .          Reflect  .   y - +0 helmet
rElec   .          Harm     .   (no cloak)
rCorr   .          Rampage  .   (no gloves)
Will    +....                   (no boots)
Stlth   ++++......              (no amulet)
HPRegen 0.23/turn               r - +6 ring of intelligence
MPRegen 0.16/turn               D - +4 ring of protection

@: studying Axes
A: fangs 1, strong nose, distributed training
a: Renounce Religion, Wall Jump


You were on level 11 of the Dungeon.
You worshipped Wu Jian.
Wu Jian was pleased with you.
You visited 2 branches of the dungeon, and saw 10 of its levels.

You collected 2021 gold pieces.
You spent 161 gold pieces at shops.

Inventory:

Hand Weapons
 a - a +0 dagger
 d - a +1 spectral mace (weapon)
 o - the +1 dagger "Tesoudurgh" {flame, rElec rPois Will+++ Str-5}
   (You took it off an orc on level 7 of the Dungeon)

   It burns those it strikes, dealing additional fire damage.
   Str:       It affects your strength (-5).
   rElec:     It insulates you from electricity.
   rPois:     It protects you from poison.
   Will:      It greatly increases your willpower.
Missiles
 b - 2 atropa-tipped darts (quivered)
 c - a datura-tipped dart
 s - 2 throwing nets
 B - 19 poisoned darts
Armour
 g - a +0 leather armour
 h - the +4 shadow dragon scales of Protective Custody (worn) {rF+ Will+ Dex-2 Stlth++++}
   (You acquired it on level 1 of the Dungeon)

   Dex:       It affects your dexterity (-2).
   rF:        It protects you from fire.
   Will:      It increases your willpower.
   Stlth:     It makes you much more stealthy.
 m - the +0 buckler "Ucupifef" (worn) {Str+6}
   (You acquired it on level 1 of the Dungeon)

   Str:       It affects your strength (+6).
 y - a +0 helmet (worn)
Jewellery
 r - a +6 ring of intelligence (left hand)
 D - a +4 ring of protection (right hand)
Wands
 e - a wand of flame (51)
 q - a wand of mindburst (6)
 u - a wand of polymorph (17)
 v - a wand of roots (12)
 x - a wand of paralysis (15)
Scrolls
 i - 7 scrolls of identify
 l - 2 scrolls of teleportation
 n - a scroll of fear
Potions
 f - 4 potions of curing
 j - a potion of haste {unknown}
 k - a potion of resistance {unknown}
 p - a potion of magic {unknown}
 t - a potion of heal wounds {unknown}
 w - 2 potions of flight {unknown}
 z - a potion of lignification {unknown}
 A - a potion of brilliance {unknown}
 C - a potion of degeneration {unknown}


   Skills:
 + Level 7.4 Fighting
 + Level 5.7 Short Blades
 + Level 5.7 Long Blades
 + Level 7.9 Axes
 + Level 6.3 Maces & Flails
 + Level 5.7 Polearms
 + Level 5.7 Staves
 + Level 5.7 Ranged Weapons
 + Level 5.7 Throwing
 + Level 7.4 Armour
 + Level 6.3 Dodging
 + Level 7.2 Stealth
 + Level 5.7 Shields
 + Level 5.7 Unarmed Combat
 + Level 5.7 Spellcasting
 + Level 4.7 Conjurations
 + Level 4.7 Hexes
 + Level 4.7 Summonings
 + Level 4.7 Necromancy
 + Level 4.7 Translocations
 + Level 4.7 Transmutations
 + Level 4.7 Fire Magic
 + Level 4.7 Ice Magic
 + Level 4.7 Air Magic
 + Level 4.7 Earth Magic
 + Level 4.7 Poison Magic
 + Level 6.3 Invocations
 + Level 7.4 Evocations


You had 20 spell levels left.
You didn't know any spells.
Your spell library contained the following spells:

 Spells                   Type           Power      Damage    Failure   Level
 Apportation              Tloc           32%        N/A       19%         1
 Necrotise                Necr           64%        1d7       19%         1
 Summon Small Mammal      Summ           64%        N/A       19%         1
 Ensorcelled Hibernation  Hex/Ice        32%        N/A       26%         2
 Spider Form              Tmut/Pois      16%        N/A       47%         3
 Anguish                  Hex/Necr       8%         N/A       87%         4


Dungeon Overview and Level Annotations

Branches:
Dungeon (8/15)             Temple (1/1) D:5
   Lair: D:8-11

Altars:
Ashenzari
Cheibriados
Dithmenos
Fedhas
Hepliaklqana
Kikubaaqudgha
Makhleb
Nemelex Xobeh
Qazlal
Sif Muna
Uskayaw
Vehumet
Wu Jian
Xom
Yredelemnul
Zin
The Shining One

Shops:
D:2 ?


Innate Abilities, Weirdness & Mutations

You have very sharp teeth.
Your uncanny sense of smell can sniff out nearby items.
Your experience applies equally to all skills.


Message History

You hit the yak.
The yak is almost dead.
Your +1 spectral mace barely misses the yak.
The rime drake barely misses you.
The yak gores your +1 spectral mace!
Your spectral weapon shares its damage with you!
Your +1 spectral mace fades away.
The yak gores you but does no damage. The rime drake barely misses you.
You hit the yak.
The yak is almost dead.
Your +1 spectral mace barely misses the yak.
The yak gores you!
A gnoll comes into view. It is wielding a +0 spear.
The rime drake breathes ice at you. The flash freeze hits you!
* * * LOW HITPOINT WARNING * * *
You are encased in ice.
You block the yak's attack.
The gnoll sergeant hits you but does no damage.
The yak barely misses your +1 spectral mace.
You hit the rime drake. You bite the rime drake.
The rime drake is lightly wounded.
Your +1 spectral mace misses the rime drake.
The rime drake bites you but does no damage.
You block the gnoll sergeant's attack.
A gnoll comes into view. It is wielding a +0 whip.
The yak gores your +1 spectral mace.
Your spectral weapon shares its damage with you!
* * * LOW HITPOINT WARNING * * *
The yak gores you.
* * * LOW HITPOINT WARNING * * *
You feel better. The rime drake bites you.
* * * LOW HITPOINT WARNING * * *
The rime drake bites you but does no damage.
The gnoll sergeant barely misses you. The yak gores you!
* * * LOW HITPOINT WARNING * * *
You feel better. The ice encasing you melts away.
The rime drake breathes ice at you. The flash freeze hits you!!
You die...

........# ..
........########.).
.........g.........
..........g........
######+##.g........
....###'#####.
.......hg...#
........DYY.#
.........k@.#
............#
............#
#############


You could see an ice dragon, a polar bear, 2 yaks, a rime drake (catching
breath), a gnoll sergeant and 3 gnolls.

Vanquished Creatures
  A boulder beetle (D:8)
  Joseph (D:7)
  Prince Ribbit (D:5)
  Grinder (D:3)
  2 wyverns
  7 yaks
  A steam dragon (D:6)
  Menkaure (D:5)
  A water moccasin (D:6)
  4 ice beasts
  An orc warrior (D:8)
  The ghost of Grunkalo the Chopper, an amateur MiBe of Trog (D:3)
  3 ogres
  A kobold brigand (D:7)
  A phantom (D:4)
  2 bullfrogs
  2 scorpions (D:6)
  10 wights
  3 howler monkeys
  4 jellies
  2 orc priests
  A hound (D:7)
  3 gnoll boudas
  An iguana (D:4)
  3 orc wizards
  14 gnolls
  7 adders
  3 shadow imps
  3 white imps
  2 ufetubi
  A worm (D:4)
  A dart slug (D:3)
  17 orcs
  10 ball pythons
  5 bats
  5 endoplasms
  8 giant cockroaches
  7 goblins
  5 hobgoblins
  12 kobolds
  4 quokkas
  8 frilled lizards
  5 rats
175 creatures vanquished.

Vanquished Creatures (collateral kills)
  A black bear (D:5)
1 creature vanquished.

Vanquished Creatures (others)
  4 plants (D:3)
4 creatures vanquished.

Grand Total: 180 creatures vanquished

Notes
Turn   | Place    | Note
-------+----------+-------------------------------------------
     0 | D:1      | drewk1942 the Gnoll Wanderer began the quest for the Orb.
     0 | D:1      | drewk1942 set off with the following items: a +0 dagger, 2
                  | atropa-tipped darts, 2 datura-tipped darts, a +0 mace, a
                  | wand of flame (5), a potion of curing, a +0 leather armour.
     0 | D:1      | Reached XP level 1. HP: 20/20 MP: 1/1
   254 | D:1      | Reached XP level 2. HP: 20/26 MP: 2/2
   695 | D:1      | Found a faded altar of an unknown god.
   996 | D:1      | Reached XP level 3. HP: 31/31 MP: 3/3
  1337 | D:1      | Identified 3 scrolls of acquirement
  1337 | D:1      | Acquired the +0 buckler "Ucupifef" {Str+6}
  1343 | D:1      | Acquired 690 gold pieces
  1344 | D:1      | Acquired the +4 shadow dragon scales of Protective Custody
                  | {rF+ Will+ Dex-2 Stlth++++}
  1381 | D:2      | Reached skill level 1 in Invocations
  1511 | D:2      | Found Seuseagikh's Magic Scroll Shoppe.
  1567 | D:2      | Bought a scroll of brand weapon for 133 gold pieces
  1567 | D:2      | Bought a scroll of identify for 28 gold pieces
  1567 | D:2      | Acquired 896 gold pieces
  1715 | D:2      | Reached skill level 1 in Short Blades
  1715 | D:2      | Reached skill level 1 in Long Blades
  1715 | D:2      | Reached skill level 1 in Axes
  1715 | D:2      | Reached skill level 1 in Polearms
  1715 | D:2      | Reached skill level 1 in Staves
  1715 | D:2      | Reached skill level 1 in Ranged Weapons
  1715 | D:2      | Reached skill level 1 in Throwing
  1715 | D:2      | Reached skill level 1 in Shields
  1715 | D:2      | Reached skill level 1 in Unarmed Combat
  1715 | D:2      | Reached skill level 1 in Spellcasting
  1866 | D:3      | Reached XP level 4. HP: 38/38 MP: 5/5
  2047 | D:3      | Noticed Grinder
  2058 | D:3      | Killed Grinder
  2059 | D:3      | Reached skill level 5 in Fighting
  2059 | D:3      | Reached skill level 5 in Armour
  2059 | D:3      | Reached skill level 1 in Conjurations
  2059 | D:3      | Reached skill level 1 in Hexes
  2059 | D:3      | Reached skill level 1 in Summonings
  2059 | D:3      | Reached skill level 1 in Necromancy
  2059 | D:3      | Reached skill level 1 in Translocations
  2059 | D:3      | Reached skill level 1 in Transmutations
  2059 | D:3      | Reached skill level 1 in Fire Magic
  2059 | D:3      | Reached skill level 1 in Ice Magic
  2059 | D:3      | Reached skill level 1 in Air Magic
  2059 | D:3      | Reached skill level 1 in Earth Magic
  2059 | D:3      | Reached skill level 1 in Poison Magic
  2059 | D:3      | Reached skill level 5 in Evocations
  2059 | D:3      | Reached XP level 5. HP: 41/44 MP: 5/7
  2059 | D:3      | Reached XP level 6. HP: 47/51 MP: 5/8
  2211 | D:3      | Found a transporter.
  2298 | D:3      | Found a transporter.
  2634 | D:3      | Noticed Grunkalo's ghost (amateur MiBe)
  2653 | D:3      | Killed Grunkalo's ghost
  2654 | D:3      | Reached XP level 7. HP: 51/56 MP: 10/10
  3296 | D:4      | Reached skill level 5 in Stealth
  3693 | D:5      | Entered Level 5 of the Dungeon
  3770 | D:5      | Noticed a wyvern
  3785 | D:5      | Killed a wyvern
  4005 | D:5      | Found a shimmering altar of Xom.
  4014 | D:5      | Reached XP level 8. HP: 63/63 MP: 12/12
  4017 | D:5      | Found a basalt altar of Yredelemnul.
  4031 | D:5      | Noticed Prince Ribbit
  4048 | D:5      | Killed Prince Ribbit
  4146 | D:5      | Found a staircase to the Ecumenical Temple.
  4167 | Temple   | Entered the Ecumenical Temple
  4334 | Temple   | Became a worshipper of the Wu Jian Council
  4409 | D:5      | Found an ancient bone altar of Kikubaaqudgha.
  4452 | D:5      | Noticed Menkaure
  4462 | D:5      | Killed Menkaure
  4617 | D:5      | Reached skill level 5 in Axes
  4617 | D:5      | Reached XP level 9. HP: 69/69 MP: 14/14
  5142 | D:6      | Reached skill level 5 in Maces & Flails
  5142 | D:6      | Reached skill level 5 in Dodging
  5400 | D:6      | Reached * piety under Wu Jian
  5647 | D:6      | Reached skill level 5 in Invocations
  6211 | D:7      | Found a shadowy altar of Dithmenos.
  6213 | D:7      | Noticed Joseph
  6231 | D:7      | Killed Joseph
  6590 | D:7      | Identified the +1 dagger "Tesoudurgh" {flame, rElec rPois
                  | Will+++ Str-5}
  7254 | D:7      | Reached skill level 5 in Short Blades
  7254 | D:7      | Reached skill level 5 in Long Blades
  7254 | D:7      | Reached skill level 5 in Polearms
  7254 | D:7      | Reached skill level 5 in Staves
  7254 | D:7      | Reached skill level 5 in Ranged Weapons
  7254 | D:7      | Reached skill level 5 in Throwing
  7254 | D:7      | Reached skill level 5 in Shields
  7254 | D:7      | Reached skill level 5 in Unarmed Combat
  7254 | D:7      | Reached skill level 5 in Spellcasting
  7254 | D:7      | Reached XP level 10. HP: 73/77 MP: 17/17
  7372 | D:8      | Found a shimmering blue altar of Sif Muna.
  7381 | D:8      | Reached ** piety under Wu Jian
  8016 | D:8      | Found a stormy altar of Qazlal.
  8091 | D:8      | Found a hazy altar of Hepliaklqana.
  8165 | D:8      | Noticed a boulder beetle
  8238 | D:8      | Killed a boulder beetle
  8804 | D:8      | You fall into a shaft and drop 3 floors!
  8821 | D:11     | Noticed an ice dragon
  8837 | D:11     | HP: 2/79 [yak (11)]
  8838 | D:11     | Killed from afar by a rime drake

Illustrated notes

Levels and vault maps discovered:
D:1:      wander_arrival_lonely_grave, layout_basic,
          shapermc_ecumenical_altar_hornbeckon, minmay_small_reverse_x
D:2:      layout_rooms, serial_shops, nicolae_shop_advertising_works
          [nicolae_subvault_shop_adworks]
D:3:      layout_basic, gammafunk_ghost_gnarly_gnolls, uniq_grinder
D:4:      layout_loops_ring, serial_bayou_pond_b, grunt_decor_mini_mirrors,
          kennysheep_big_empty_room
D:5:      kennysheep_six_static_rooms, layout_basic, kiku_gazebo_garden_becter,
          mainiacjoe_overflow_catwalk_spiral, temple_pool_b,
          uniq_prince_ribbit1, uniq_menkaure
D:6:      layout_basic
D:7:      layout_basic, nicolae_dithmenos_shadow_blocks, uniq_joseph
D:8:      layout_basic, nicolae_qazlal_general_emergency, lemuel_doored_altar,
          nicolae_sif_muna_little_library, nicolae_figureground_pulse
D:11:     minmay_coctagon, layout_irregular_city, serial_shops,
          nicolae_shop_statue_plus, uniq_grum
Temple:   nicolae_temple_two_arcs

Skill      XL: |  1  2  3  4  5  6  7  8  9 10 |
---------------+-------------------------------+-----
Invocations    | 1 2 3 4 5 6 |  6.3
Short Blades   | 1 2 3 5 |  5.7
Long Blades    | 1 2 3 5 |  5.7
Axes           | 1 2 3 5 6 7 |  7.9
Polearms       | 1 2 3 5 |  5.7
Staves         | 1 2 3 5 |  5.7
Ranged Weapons | 1 2 3 5 |  5.7
Throwing       | 1 2 3 5 |  5.7
Shields        | 1 2 3 5 |  5.7
Unarmed Combat | 1 2 3 5 |  5.7
Spellcasting   | 1 2 3 5 |  5.7
Fighting       | 5 6 7 |  7.4
Maces & Flails | 3 4 5 6 |  6.3
Armour         | 5 6 7 |  7.4
Dodging        | 3 4 5 6 |  6.3
Conjurations   | 1 2 3 4 |  4.7
Hexes          | 1 2 3 4 |  4.7
Summonings     | 1 2 3 4 |  4.7
Necromancy     | 1 2 3 4 |  4.7
Translocations | 1 2 3 4 |  4.7
Transmutations | 1 2 3 4 |  4.7
Fire Magic     | 1 2 3 4 |  4.7
Ice Magic      | 1 2 3 4 |  4.7
Air Magic      | 1 2 3 4 |  4.7
Earth Magic    | 1 2 3 4 |  4.7
Poison Magic   | 1 2 3 4 |  4.7
Evocations     | 5 6 7 |  7.4
Stealth        | 5 6 7 |  7.2

Action                   |  1- 3 |  4- 6 |  7- 9 | 10-12 || total
-------------------------+-------+-------+-------+-------++-------
Melee: Mace              |    93 |    47 |   228 |   135 ||   503
       Dagger            |     2 |       |       |       ||     2
       Bite              |     7 |     3 |    24 |    24 ||    58
Throw: Dart              |       |       |     5 |     2 ||     7
Invok: Lunge             |       |       |    15 |     4 ||    19
       Whirlwind         |       |       |       |     4 ||     4
 Abil: Wall Jump         |       |       |       |     1 ||     1
  Use: Scroll            |     5 |       |     7 |       ||    12
       Potion            |       |       |       |     6 ||     6
 Stab: Sleeping          |    12 |     8 |    18 |     3 ||    41
       Distracted        |     1 |     2 |     2 |       ||     5
       Invisible         |       |       |       |     2 ||     2
Armor: Leather armour    |    23 |       |       |       ||    23
       Shadow dragon sca |    13 |    25 |   136 |    93 ||   267
Dodge: Dodged            |    58 |    30 |   100 |    64 ||   252
Block: Buckler           |     1 |     9 |    56 |    39 ||   105
